 Dungeon Crawl Stone Soup version 0.30-a0-852-g08b95dd62f (webtiles) character file.

Game seed: 2791403747131300177

13881 demibob the Carver (level 11, -8/87 HPs)
             Began as a Demonspawn Wanderer on Mar 4, 2023.
             Was the Champion of Okawaru.
             Mangled by a catoblepas (22 damage)
             ... on level 1 of the Lair of Beasts.
             The game lasted 00:15:04 (10038 turns).

demibob the Carver (Demonspawn Wanderer)           Turns: 10038, Time: 00:15:04

Health: -8/87      AC: 23    Str: 15    XL:     11   Next: 81%
Magic:  0/14       EV: 10    Int: 18    God:    Okawaru [******]
Gold:   407        SH:  4    Dex: 14    Spells: 14/14 levels left

rFire   x . .      SeeInvis .    l - +8 rapier of Lecwein {freeze, Int+4}
rCold   . . .      Faith    .    (no shield)
rNeg    . . .      Spirit   +    C - +2 acid dragon scales
rPois   .          Reflect  .    (helmet restricted)
rElec   .          Rampage  .    (no cloak)
rCorr   +                        (no gloves)
Will    .....                    f - +2 pair of boots
Stlth   +                        h - amulet of guardian spirit
HPRegen 0.34/turn                (no ring)
MPRegen 0.14/turn                (no ring)

@: mighty
A: horns 2, yellow scales 1, icemail 2, condensation shield, corrupting presence
1, sense surroundings 1, heat vulnerability 1
a: Renounce Religion, Heroism, Finesse, Duel


You were on level 1 of the Lair of Beasts.
You worshipped Okawaru.
Okawaru was exalted by your worship.
You visited 3 branches of the dungeon, and saw 12 of its levels.

You collected 533 gold pieces.
You spent 126 gold pieces at shops.


Innate Abilities, Weirdness & Mutations

You have a pair of horns on your head.
You are partially covered in yellow scales. (AC +2)
A meltable icy envelope protects you from harm. (AC +8)
A meltable shield of frost defends you. (SH +4)
Your presence sometimes corrodes those you injure.
You passively map a small area around you.
You are vulnerable to heat. (rF-)


   Skills:
 - Level 8.5 Fighting
 - Level 8.2(10.5) Short Blades
 + Level 10.2(11.4) Long Blades
 + Level 4.1 Ranged Weapons
 - Level 6.6 Armour
 - Level 6.2 Shields
 - Level 2.0 Spellcasting
 - Level 1.0 Poison Magic


You had 14 spell levels left.
You didn't know any spells.
Your spell library contained the following spells:

 Spells                   Type           Power      Damage    Failure   Level
 Beastly Appendage        Tmut           2%         N/A       24%         1
 Poisonous Vapours        Pois/Air       6%         N/A       28%         2
 Cigotuvi's Dreadful Rot  Necr/Pois/Air  6%         N/A       30%         2
 Blink                    Tloc           2%         N/A       34%         2
 Wereblood                Tmut           1%         N/A       34%         2
 Spider Form              Tmut/Pois      3%         N/A       50%         3
 Manifold Assault         Tloc           1%         N/A       93%         4
 Petrify                  Tmut/Erth      1%         N/A       93%         4
 Metabolic Englaciation   Hex/Ice        0%         N/A       100%        5
 Statue Form              Tmut/Erth      0%         N/A       100%        6
 Storm Form               Tmut/Air       0%         N/A       100%        7

Inventory:

Hand Weapons
 l - the +8 rapier of Lecwein (weapon) {freeze, Int+4}
   (Okawaru gifted it to you on level 9 of the Dungeon)

   Int:       It affects your intelligence (+4).
 q - the +3 arbalest "Uroleexo" {penet, Will+++ MP-9 Int+3}
   (You found it on level 9 of the Dungeon)

   Int:       It affects your intelligence (+3).
   MP:        It affects your magic capacity (-9).
   Will:      It greatly increases your willpower.
 w - a +0 rapier of draining
 D - a +4 long sword
Missiles
 n - a throwing net {=f}
Armour
 d - +1 fire dragon scales
 f - a +2 pair of boots (worn)
 o - the +6 chain mail "Fugommuu" {rElec rPois rF- Str+4}
   (Okawaru gifted it to you on level 9 of the Dungeon)

   Str:       It affects your strength (+4).
   rF:        It makes you vulnerable to fire.
   rElec:     It insulates you from electricity.
   rPois:     It protects you from poison.
 p - a +0 chain mail
 C - +2 acid dragon scales (worn)
Jewellery
 h - an amulet of guardian spirit (around neck)
 S - a +6 ring of strength
Wands
 a - a wand of mindburst (9)
 v - a wand of flame (4)
 B - a wand of roots (13)
Scrolls
 b - 2 scrolls of vulnerability
 c - a scroll of blinking
 r - 3 scrolls of teleportation {@r2}
 s - 3 scrolls of enchant weapon
 t - 5 scrolls of identify {@r1}
 y - 2 scrolls of silence {!r}
 z - 2 scrolls of magic mapping
 A - a scroll of amnesia
Potions
 e - a potion of haste {@q3}
 i - 3 potions of degeneration
 j - 3 potions of brilliance
 k - 2 potions of ambrosia
 m - 4 potions of curing {@q1}
 u - 2 potions of resistance
 x - a potion of flight
 E - a potion of magic {unknown}

Dungeon Overview and Level Annotations

Branches:
Dungeon (9/15)             Temple (1/1) D:4            Lair (2/5) D:9
  Swamp: Lair:2-3    Shoals: Lair:2-3     Snake: Lair:2-3    Spider: Lair:2-3
    Orc: D:9-12

Altars:
Ashenzari
Cheibriados
Dithmenos
Fedhas
Gozag
Hepliaklqana
Makhleb
Nemelex Xobeh
Okawaru
Qazlal
Ru
Sif Muna
Trog
Uskayaw
Vehumet
Wu Jian
Xom
Yredelemnul

Shops:
D:5 (   D:8 *

Annotations:
D:9 3 runed translucent doors, freelancePsychic's ghost, journeyman TrWn

,, , , * #.#.....## 8
, , ###.....P# ,
####..~~P..## , ,...
,, , #....~PPP~♣#
8,8., , #....♣~~~♣#
..,.. ,*#......### *
... ., *###......# *
8...#. #####.#...####
, ......##Y@..##..##*
* .......F##F.....#,
** ,
#...8..F............#
##............#.###..#
.. ..#.....+......## *
. .., ..##....#.....##
..#*
**....######......, ,
*, ..####[....*,
*#..#.### ,
##.P$#..... #..#...
,,, ,


You could see a catoblepas (corroded) and 2 blink frogs.


Message History

You puncture the blink frog!
The blink frog seems to slow down.
You freeze the blink frog. Your headbutt misses the blink frog.
The blink frog is moderately wounded.
The blink frog blinks!
You barely miss the blink frog. Your headbutt misses the blink frog.
The blink frog is moderately wounded.
The blink frog blinks!
You hit the catoblepas. You freeze the catoblepas.
Your headbutt misses the catoblepas.
The catoblepas is lightly wounded.
You puncture the catoblepas! You freeze the catoblepas.
The catoblepas is moderately wounded.
You puncture the catoblepas! You freeze the catoblepas.
The catoblepas is moderately wounded.
The catoblepas gores you!
* * * LOW HITPOINT WARNING * * *
The catoblepas attacks as you move away!
The catoblepas gores you!
* * * LOW HITPOINT WARNING * * *
The blink frog completely misses you.
You completely miss the catoblepas. You headbutt the catoblepas.
The catoblepas is moderately wounded.
The blink frog barely misses you.
You hit the catoblepas. You freeze the catoblepas.
Your corrupting presence corrodes the catoblepas!
The catoblepas is heavily wounded.
The blink frog hits you!
* * * LOW HITPOINT WARNING * * *
The catoblepas gores you!!
You die...

Skill      XL: |  1  2  3  4  5  6  7  8  9 10 11 |
---------------+----------------------------------+-----
Short Blades   | 1 2 3 4 5 6 8 |  8.2
Shields        | 3 4 5 6 |  6.2
Armour         | 1 4 6 |  6.6
Long Blades    | 1 5 8 10 | 10.2
Fighting       | 6 7 8 |  8.5
Ranged Weapons | 4 |  4.1
Spellcasting   | |  2.0
Poison Magic   | |  1.0

Action                     |  1- 3 |  4- 6 |  7- 9 | 10-12 || total
---------------------------+-------+-------+-------+-------++-------
  Melee: Dagger            |    68 |   142 |    63 |       ||   273
         Short sword       |    87 |   164 |       |       ||   251
         Headbutt          |       |    35 |   102 |    95 ||   232
         Rapier            |       |       |   408 |   376 ||   784
         Punch             |       |       |       |     2 ||     2
    Use: Scroll            |     3 |     7 |     7 |     3 ||    20
         Potion            |     3 |     3 |     5 |     9 ||    20
   Stab: Sleeping          |       |     2 |       |       ||     2
 Armour: Robe              |    47 |    57 |   100 |       ||   204
         Skin              |       |     5 |       |       ||     5
         Acid dragon scale |       |       |     7 |   244 ||   251
  Dodge: Dodged            |    74 |    49 |   139 |   184 ||   446
  Block: Buckler           |   102 |    94 |   197 |   194 ||   587
         Other             |       |       |       |    31 ||    31

Levels and vault maps discovered:
D:1:      dpeg_arrival_rooms_a, layout_basic,
          chequers_ecumenical_altar_simple_redux
D:2:      layout_rooms, hangedman_decor_growths, minmay_unequal, uniq_terence
D:3:      minmay_razor_zed, layout_basic, uniq_jessica
D:4:      layout_basic, minmay_temple_entry_overgrown, minmay_joined_circles
D:5:      layout_basic, kennysheep_mini, serial_shops, nicolae_stop_n_shop_1
D:6:      layout_cave_pods, grunt_temple_overflow_open,
          nicolae_underground_beach
D:7:      layout_basic, uniq_prince_ribbit1, uniq_duvessa
D:8:      layout_basic, tso_metal_star, minmay_crystal_water,
          minmay_shop_damaged, minmay_misc_feat_iff, uniq_maggie, uniq_grum
D:9:      minmay_sliced_demisemicircle, layout_loops_ring,
          nicolae_yredelemnul_corpse_copse, lair_entry_dummy,
          ebering_ghost_gozag
Temple:   nicolae_temple_x_marks_the_god
Lair:1:   layout_misc_corridors, enter_volcano_4,
          chequers_serial_rivers_small_3, serial_bayou_pond_e,
          chequers_serial_rivers_small_a, grunt_megastairs_3,
          serial_bayou_shore_b, uniq_nergalle
Lair:2:   layout_concentric_octagons, grunt_megastairs_5

Notes
Turn   | Place    | Note
-------+----------+-------------------------------------------
     0 | D:1      | demibob the Demonspawn Wanderer began the quest for the
                  | Orb.
     0 | D:1      | demibob set off with the following items: a +0 dagger, a
                  | scroll of vulnerability, a scroll of blinking, a +0 robe, a
                  | +2 buckler; and the following spells available to memorise:
                  | Poisonous Vapours, Cigotuvi's Dreadful Rot.
     0 | D:1      | Reached XP level 1. HP: 19/19 MP: 3/3
   126 | D:1      | Reached skill level 1 in Short Blades
   129 | D:1      | Gained mutation: A meltable shield of frost defends you.
                  | (SH +4) [demonic ancestry]
   129 | D:1      | Reached XP level 2. HP: 22/25 MP: 5/5
   271 | D:1      | Reached skill level 3 in Shields
   540 | D:1      | Gained mutation: A meltable icy envelope protects you from
                  | harm. (AC +8) [demonic ancestry]
   540 | D:1      | Reached XP level 3. HP: 30/30 MP: 6/6
   543 | D:1      | Found a faded altar of an unknown god.
   554 | D:1      | Reached skill level 2 in Short Blades
   691 | D:2      | Reached XP level 4. HP: 34/37 MP: 7/7
   946 | D:2      | Reached skill level 3 in Short Blades
   954 | D:2      | Noticed Terence
  1310 | D:2      | Killed Terence
  1414 | D:2      | Gained mutation: Your muscles are strong. (Str +4, Int/Dex
                  | -1) [potion of mutation]
  1414 | D:2      | Gained mutation: You are strong-willed. (Will+) [potion of
                  | mutation]
  1415 | D:2      | Lost mutation: You are strong-willed. (Will+) [potion of
                  | mutation]
  1415 | D:2      | Lost mutation: Your muscles are strong. (Str +4, Int/Dex
                  | -1) [potion of mutation]
  1415 | D:2      | Gained mutation: You passively dampen the noise of your
                  | surroundings. [potion of mutation]
  1415 | D:2      | Gained mutation: You have sharp fingernails. [potion of
                  | mutation]
  1415 | D:2      | Gained mutation: You are vulnerable to heat. (rF-) [potion
                  | of mutation]
  1415 | D:2      | Gained mutation: You are robust. (+10% HP) [potion of
                  | mutation]
  1780 | D:3      | Gained mutation: You have a pair of small horns on your
                  | head. [demonic ancestry]
  1780 | D:3      | Reached XP level 5. HP: 41/46 MP: 6/8
  2243 | D:3      | Noticed Jessica
  2248 | D:3      | Killed Jessica
  2410 | D:4      | Found a staircase to the Ecumenical Temple.
  2440 | Temple   | Entered the Ecumenical Temple
  2492 | Temple   | Became a worshipper of Warmaster Okawaru
  2705 | D:4      | Reached skill level 4 in Short Blades
  2726 | D:4      | Reached skill level 4 in Shields
  2767 | D:4      | Gained mutation: You are partially covered in yellow
                  | scales. (AC +2) [demonic ancestry]
  2767 | D:4      | Reached XP level 6. HP: 43/52 MP: 6/9
  3096 | D:5      | Entered Level 5 of the Dungeon
  3096 | D:5      | Noticed a yak
  3096 | D:5      | Noticed a yak
  3096 | D:5      | Noticed a yak
  3096 | D:5      | Found Iblet's Antique Weapon Shop.
  3338 | D:5      | Killed a yak
  3338 | D:5      | Reached * piety under Okawaru
  3339 | D:5      | Reached skill level 5 in Short Blades
  3339 | D:5      | Gained mutation: A meltable icy envelope protects you from
                  | harm. (AC +8) [demonic ancestry]
  3339 | D:5      | Reached XP level 7. HP: 59/59 MP: 10/10
  3349 | D:5      | Killed a yak
  3350 | D:5      | Reached skill level 6 in Short Blades
  3350 | D:5      | Reached skill level 5 in Shields
  3364 | D:5      | Killed a yak
  3479 | D:5      | Bought a runed falchion for 126 gold pieces
  3545 | D:5      | Reached ** piety under Okawaru
  3546 | D:5      | Gained mutation: Your presence sometimes corrodes those you
                  | injure. [demonic ancestry]
  3546 | D:5      | Reached XP level 8. HP: 66/66 MP: 11/11
  3701 | D:5      | Found a stormy altar of Qazlal.
  3852 | D:5      | Reached skill level 7 in Short Blades
  4345 | D:6      | Reached skill level 6 in Shields
  4598 | D:6      | Reached skill level 8 in Short Blades
  4684 | D:6      | Reached skill level 1 in Armour
  4749 | D:6      | Found an opulent altar of Gozag.
  4750 | D:6      | Found a hazy altar of Hepliaklqana.
  4754 | D:6      | Found a blossoming altar of Fedhas.
  4755 | D:6      | Found a radiant altar of Vehumet.
  4756 | D:6      | Found a bloodstained altar of Trog.
  4818 | D:6      | Reached skill level 1 in Long Blades
  5409 | D:6      | Identified a potion of resistance
  5453 | D:7      | Reached *** piety under Okawaru
  5454 | D:7      | Reached XP level 9. HP: 69/72 MP: 12/12
  5462 | D:7      | Reached skill level 2 in Long Blades
  5462 | D:7      | Reached skill level 2 in Armour
  5554 | D:7      | Noticed Duvessa
  5556 | D:7      | Noticed Dowan
  5566 | D:7      | Killed Duvessa
  5575 | D:7      | Killed Dowan
  5813 | D:7      | Noticed Prince Ribbit
  5824 | D:7      | Reached skill level 5 in Fighting
  5847 | D:7      | Killed Prince Ribbit
  5848 | D:7      | Reached skill level 3 in Long Blades
  6147 | D:7      | Reached skill level 3 in Armour
  6289 | D:7      | Reached skill level 4 in Long Blades
  6472 | D:8      | Noticed Grum
  6518 | D:8      | Reached **** piety under Okawaru
  6526 | D:8      | Killed Grum
  6527 | D:8      | Reached skill level 5 in Long Blades
  6743 | D:8      | Reached skill level 6 in Fighting
  6757 | D:8      | Noticed Maggie
  6786 | D:8      | Killed Maggie
  6787 | D:8      | Reached skill level 4 in Armour
  7323 | D:8      | Found Orphuoc's Lightly-Used Armoury.
  7555 | D:9      | Reached XP level 10. HP: 79/84 MP: 10/13
  7610 | D:9      | Reached skill level 6 in Long Blades
  7676 | D:9      | Reached ***** piety under Okawaru
  7717 | D:9      | Found a basalt altar of Yredelemnul.
  7953 | D:9      | Identified the +8 rapier of Lecwein {freeze, Int+4}
                  | (Okawaru gifted it to you on level 9 of the Dungeon)
  7953 | D:9      | Received a gift from Okawaru
  7954 | D:9      | Reached skill level 5 in Armour
  8098 | D:9      | Reached skill level 7 in Fighting
  8135 | D:9      | Found a staircase to the Lair.
  8379 | D:9      | Found a runed translucent gate.
  8380 | D:9      | Found a runed translucent gate.
  8380 | D:9      | Found an opulent altar of Gozag.
  8381 | D:9      | Found a runed translucent gate.
  8384 | D:9      | Noticed freelancePsychic's ghost (journeyman TrWn)
  8384 | D:9      | Noticed a cyclops
  8384 | D:9      | Noticed a centaur warrior
  8385 | D:9      | Noticed a centaur warrior
  8385 | D:9      | Noticed a deep elf zephyrmancer
  8389 | D:9      | Noticed a two-headed ogre
  8396 | D:9      | Killed a two-headed ogre
  8397 | D:9      | Reached skill level 7 in Long Blades
  8659 | D:9      | Noticed a centaur warrior
  8670 | D:9      | Killed a centaur warrior
  8691 | D:9      | Noticed a centaur warrior
  8691 | D:9      | Noticed a boulder beetle
  8697 | D:9      | Killed a centaur warrior
  8698 | D:9      | Reached skill level 8 in Long Blades
  8714 | D:9      | Killed a boulder beetle
  8715 | D:9      | Reached skill level 6 in Armour
  8715 | D:9      | Reached XP level 11. HP: 29/94 MP: 6/14
  8919 | D:9      | Noticed a centaur warrior
  8925 | D:9      | Killed a centaur warrior
  8926 | D:9      | Reached skill level 8 in Fighting
  8943 | D:9      | Noticed a centaur warrior
  8956 | D:9      | Noticed a deep elf archer
  8956 | D:9      | Noticed a boulder beetle
  8960 | D:9      | Killed a centaur warrior
  8967 | D:9      | Killed a boulder beetle
  8973 | D:9      | Killed a deep elf archer
  8973 | D:9      | Identified the +6 chain mail "Fugommuu" {rElec rPois rF-
                  | Str+4} (Okawaru gifted it to you on level 9 of the Dungeon)
  8973 | D:9      | Received a gift from Okawaru
  8974 | D:9      | Reached skill level 9 in Long Blades
  9098 | D:9      | Noticed a deep elf zephyrmancer
  9108 | D:9      | Killed a deep elf zephyrmancer
  9112 | D:9      | Identified the +3 arbalest "Uroleexo" {penet, Will+++ MP-9
                  | Int+3}
  9370 | D:8      | Lost mutation: You passively dampen the noise of your
                  | surroundings. [potion of mutation]
  9370 | D:8      | Lost mutation: You have sharp fingernails. [potion of
                  | mutation]
  9370 | D:8      | Lost mutation: You are robust. (+10% HP) [potion of
                  | mutation]
  9370 | D:8      | Gained mutation: You passively map a small area around you.
                  | [potion of mutation]
  9370 | D:8      | Gained mutation: You have a pair of horns on your head.
                  | [potion of mutation]
  9481 | Lair:1   | Entered Level 1 of the Lair of Beasts
  9481 | Lair:1   | Noticed Nergalle
  9502 | Lair:1   | Killed Nergalle
  9503 | Lair:1   | Reached skill level 1 in Ranged Weapons
  9608 | Lair:1   | You fall into a shaft and drop 1 floor!
  9608 | Lair:2   | Noticed a six-headed hydra
  9613 | Lair:2   | Killed a six-headed hydra
  9614 | Lair:2   | Reached skill level 2 in Ranged Weapons
  9689 | Lair:2   | Reached skill level 3 in Ranged Weapons
  9714 | Lair:2   | Reached ****** piety under Okawaru
  9903 | Lair:1   | Reached skill level 10 in Long Blades
 10022 | Lair:1   | Reached skill level 4 in Ranged Weapons
 10026 | Lair:1   | Noticed a catoblepas
 10038 | Lair:1   | Mangled by a catoblepas

Vanquished Creatures
  4 centaur warriors (D:9)
  A hydra (Lair:2)
  A two-headed ogre (D:9)
  2 boulder beetles (D:9)
  Nergalle (Lair:1)
  A deep elf archer (D:9)
  A deep elf zephyrmancer (D:9)
  A black mamba (Lair:1)
  Maggie (D:8)
  A cane toad (Lair:2)
  A komodo dragon (Lair:1)
  3 unseen horror zombies (D:9)
  Prince Ribbit (D:7)
  A blink frog (Lair:1)
  3 yaks (D:5)
  2 wyverns
  Grum (D:8)
  A steam dragon (D:8)
  An acid dragon (D:9)
  4 water moccasins
  Duvessa (D:7)
  An ice beast (D:7)
  3 ogres
  11 wolves
  3 centaurs
  3 kobold brigands
  5 bullfrogs
  2 scorpions (D:5)
  3 wights (D:8)
  Dowan (D:7)
  9 killer bees
  A howler monkey (D:4)
  6 centaur zombies (D:9)
  A wyvern simulacrum (D:9)
  A jelly (D:5)
  3 orc priests
  2 hounds
  Jessica (D:3)
  2 sleepcaps
  Terence (D:2)
  4 iguanas
  9 orc wizards
  A howler monkey zombie (D:9)
  7 gnolls
  7 adders
  A shadow imp (D:7)
  2 white imps
  5 worms
  A dart slug (D:2)
  28 orcs
  9 ball pythons
  8 endoplasms
  A giant cockroach (D:1)
  11 goblins
  12 hobgoblins
  3 jackals (D:5)
  9 quokkas
  5 bats
  6 frilled lizards
  23 kobolds
  A rat (D:1)
245 creatures vanquished.

Vanquished Creatures (others)
  A fungus (Lair:1)
  13 plants
14 creatures vanquished.

Grand Total: 259 creatures vanquished

Table legend: (Time is in decaauts)
 A = Elapsed time spent in this place.
 B = Non-inter-level travel time spent in this place.
 C = Inter-level travel time spent in this place.
 D = Time resting spent in this place.
 E = Time spent auto-exploring this place.
 F = Levels seen in this place.
 G = Mean time per level.
                   A        B        C        D        E       F      G
               +--------+--------+--------+--------+--------+-----+--------+
         Total |   9801 |   9323 |    478 |    330 |   7047 |  12 |  816.8 |
       Dungeon |   9217 |   8750 |    467 |    298 |   6685 |   9 | 1024.1 |
        Temple |     62 |     52 |     10 |      0 |     44 |   1 |   62.0 |
          Lair |    521 |    521 |      0 |     32 |    317 |   2 |  260.5 |
               +--------+--------+--------+--------+--------+-----+--------+

Top non-repeatable levels by time:
     D:9: 1739 daAuts
     D:8: 1297 daAuts
     D:5: 1132 daAuts
     D:6: 1099 daAuts
     D:7: 934 daAuts
     D:3: 906 daAuts
     D:2: 807 daAuts
     D:4: 711 daAuts
     D:1: 587 daAuts
  Lair:1: 415 daAuts
  Lair:2: 105 daAuts
  Temple: 62 daAuts

Table legend:
 A = Non-vault XP
 B = Vault XP
 C = Vault XP percentage of total XP
 D = Non-vault monster count
 E = Vault monster count
 F = Vault count percentage of total count
                 A         B        C        D         E       F
            +---------+---------+-------+---------+---------+-------
      Total |    9075 |   10755 |  54.2 |     188 |      57 |  23.3
            +---------+---------+-------+---------+---------+-------
        D:1 |      43 |       0 |   0.0 |      26 |       0 |   0.0
        D:2 |      98 |      45 |  31.5 |      18 |       4 |  18.2
        D:3 |      13 |      65 |  83.3 |       7 |       9 |  56.2
        D:4 |     123 |     100 |  44.8 |      12 |      13 |  52.0
        D:5 |    1262 |       0 |   0.0 |      21 |       0 |   0.0
        D:6 |     824 |       0 |   0.0 |      19 |       0 |   0.0
        D:7 |     889 |     470 |  34.6 |      20 |       3 |  13.0
        D:8 |     784 |     778 |  49.8 |      21 |       4 |  16.0
        D:9 |    1935 |    7699 |  79.9 |      30 |      19 |  38.8
     Lair:1 |     918 |    1247 |  57.6 |       4 |       2 |  33.3
     Lair:2 |    2186 |     351 |  13.8 |      10 |       3 |  23.1
            +---------+---------+-------+---------+---------+-------
